 Dungeon Crawl Stone Soup version 0.22-a0-515-g75794bf (webtiles) character file.

138 epen the Skirmisher (level 5, -3/57 HPs)
             Began as an Ogre Monk on June 19, 2018.
             Killed from afar by an orc wizard (5 damage)
             ... with a puff of flame
             ... on level 3 of the Dungeon.
             The game lasted 00:04:41 (3311 turns).

epen the Skirmisher (Ogre Monk)                     Turns: 3311, Time: 00:04:42

Health: -3/57      AC:  3    Str: 15 (16) XL:     5   Next: 21%
Magic:  5/5        EV: 11    Int: 11      God:
Gold:   132        SH:  6    Dex: 10 (11) Spells: 4/4 levels left

rFire    . . .     SeeInvis .   c - +2 dagger (freeze)
rCold    + . .     Gourm    .   (no shield)
rNeg     . . .     Faith    .   a - +0 robe
rPois    .         Spirit   .   (helmet restricted)
rElec    .         Reflect  +   (no cloak)
rCorr    .         Harm     .   (gloves unavailable)
MR       +....                  (boots unavailable)
Stlth    ++........             i - +6 amulet of reflection
HPRegen  0.19/turn              g - ring of protection from cold
MPRegen  0.09/turn              o - +3 ring of slaying

@: flying
A: large, unfitting armour, magic resistance 1, tough skin 1, MP-powered wands
a: no special abilities


You were on level 3 of the Dungeon.
You were not hungry.

You visited 1 branch of the dungeon, and saw 4 of its levels.

You collected 132 gold pieces.

Inventory:

Hand Weapons
 c - a +2 dagger of freezing (weapon)
Armour
 a - a +0 robe (worn)
Jewellery
 g - a ring of protection from cold (left hand)
 i - a +6 amulet of reflection (around neck)
 k - an uncursed ring of wizardry
 o - a +3 ring of slaying (right hand)
Scrolls
 d - a scroll of amnesia {unknown}
 e - a scroll of enchant armour {unknown}
 f - 4 scrolls of remove curse {unknown}
 h - a scroll of teleportation {unknown}
 l - 3 scrolls of identify {unknown}
 q - a scroll of random uselessness {unknown}
 r - a scroll of immolation {unknown}
 s - a scroll of enchant weapon {unknown}
Potions
 j - a potion of magic
 m - a potion of flight
 p - a potion of mutation
Comestibles
 b - 6 rations


   Skills:
 + Level 5.4 Fighting
 + Level 3.6 Dodging
 - Level 1.4 Stealth
 * Level 3.7 Unarmed Combat


You had 4 spell levels left.
You didn't know any spells.
Your spell library was empty.

Dungeon Overview and Level Annotations

Branches:
Dungeon (4/15)
 Temple: D:4-7

Altars:


Innate Abilities, Weirdness & Mutations

You are too large for most types of armour.
You have tough skin. (AC +1)
You are resistant to hostile enchantments. (MR+)
You expend magic power (3 MP) to strengthen your wands.


Message History

The orc wizard casts a spell.
The orc wizard seems to speed up.
The orc wizard hits you with a dagger.
* * * LOW HITPOINT WARNING * * *
The orc wizard closely misses you. The orc wizard casts a spell at you.
The puff of flame hits you!
* * * LOW HITPOINT WARNING * * *
The orc wizard looks satisfied for a moment.
The orc wizard closely misses you. The orc wizard hits you with a dagger.
* * * LOW HITPOINT WARNING * * *
The orc wizard hits you but does no damage.
Okay, then.
The orc wizard barely misses you. The orc wizard hits you with a dagger.
* * * LOW HITPOINT WARNING * * *
The orc wizard casts a spell at you. The puff of flame hits you!
You die...

.#.###...###........##.....#
.#.......####.......###.####
.#.###..###...###.#.# #.#
..............##....# #.#
..............##....# #.#
.....)...##.#.##....###.#########
.#.....#.......#....##...........
..........##..................[..
..........##....@...##...........
#.........##..o#.##+##...........
#.........##...#..........<......
#.........##...#..............|..
#.........##.#o##................
..........##.#..#................
................#.......#########
..........#####.#.......####
..........# #o#..........#####


You could see an orc wizard.

Vanquished Creatures
  5 adders
  An ooze (D:2)
  4 worms (D:2)
  3 dart slugs
  3 leopard geckos (D:1)
  3 orcs (D:3)
  A giant cockroach (D:1)
  6 goblins
  12 hobgoblins
  4 jackals
  7 bats
  5 frilled lizards
  6 kobolds
  6 rats
66 creatures vanquished.

Notes
Turn   | Place    | Note
-------+----------+-------------------------------------------
     0 | D:1      | epen the Ogre Monk began the quest for the Orb.
     0 | D:1      | Reached XP level 1. HP: 24/24 MP: 1/1
   377 | D:1      | Reached XP level 2. HP: 26/32 MP: 2/2
   626 | D:1      | Reached XP level 3. HP: 8/40 MP: 3/3
  1943 | D:2      | Reached XP level 4. HP: 29/49 MP: 4/4
  1953 | D:2      | Reached skill level 5 in Fighting
  2679 | D:3      | Reached XP level 5. HP: 50/57 MP: 5/5
  3277 | D:3      | Gained mutation: You are resistant to hostile enchantments. (MR+) [potion of mutation]
  3277 | D:3      | Gained mutation: You expend magic power (3 MP) to strengthen your wands. [potion of mutation]
  3310 | D:3      | HP: 2/57 [orc wizard/dagger (4)]
  3311 | D:3      | Killed from afar by an orc wizard

Vault maps used:
D:1:      dpeg_arrival_yet_another_circle, minmay_heptomino_w4
D:4:      first_ration, uniq_pikel, uniq_blork_the_orc, uniq_crazy_yiuf_cottage

Skill      XL: |  1  2  3  4 |
---------------+-------------+-----
Unarmed Combat | 3 |  3.7
Dodging        | 3 |  3.6
Fighting       | 5 |  5.4
Stealth        | |  1.4

Action                   |  1- 3 |  4- 6 || total
-------------------------+-------+-------++-------
Melee: Unarmed           |    73 |       ||    73
       Dagger            |    66 |   105 ||   171
  Use: Potion            |     2 |     4 ||     6
 Stab: Sleeping          |     2 |     2 ||     4
  Eat: Chunk             |     1 |     3 ||     4
       Ration            |     1 |       ||     1
Armor: Robe              |    42 |    20 ||    62
       Skin              |     6 |       ||     6
Dodge: Dodged            |    83 |    46 ||   129
Block: Other             |     8 |    27 ||    35

Table legend:
 A = Spawn XP
 B = Non-spawn XP
 C = Spawn XP percentage of total XP
 D = Spawn monster count
 E = Non-spawn monster count
 F = Spawn count percentage of total count
 G = Total turns spent on level
                    A         B        C        D         E        F      G
               +---------+---------+-------+---------+---------+-------+---------
         Total |       0 |     198 |   0.0 |       0 |      66 |   0.0 |  3311
               +---------+---------+-------+---------+---------+-------+---------
           D:1 |       0 |      58 |   0.0 |       0 |      31 |   0.0 |  1456
           D:2 |       0 |      75 |   0.0 |       0 |      19 |   0.0 |  1099
           D:3 |       0 |      65 |   0.0 |       0 |      16 |   0.0 |   754
               +---------+---------+-------+---------+---------+-------+---------
